 Dungeon Crawl Stone Soup version 0.21-a0-128-gf2b353c (webtiles) character file.

32 Kurtz the Skirmisher (level 3, -1/29 HPs)
             Began as a Mummy Abyssal Knight on July 16, 2017.
             Was a Follower of Lugonu.
             Slain by Terence
             ... wielding a +5 short sword of holy wrath
              (6 damage)
             ... on level 2 of the Dungeon.
             The game lasted 00:02:18 (1327 turns).

Kurtz the Skirmisher (Mummy Abyssal Knight)         Turns: 1327, Time: 00:02:19

Health: -1/29      AC:  8    Str: 15    XL:     3   Next: 8%
Magic:  4/4        EV:  6    Int: 11    God:    Lugonu [*.....]
Gold:   163        SH:  0    Dex: 12    Spells: 2/2 levels left

rFire    x . .     SeeInvis .   h - -1 whip (curse)
rCold    + . .     Gourm    .   (no shield)
rNeg     + + +     Faith    .   e - +0 chain mail
rPois    ∞         Spirit   .   (no helmet)
rElec    .         Reflect  .   (no cloak)
rCorr    .         Harm     .   (no gloves)
MR       .....                  (no boots)
Stlth    ..........             (no amulet)
HPRegen  0.09/turn              (no ring)
MPRegen  0.09/turn              (no ring)

@: no status effects
A: no food or potions, fire vulnerability, cold resistance 1, negative energy
resistance 3, torment resistance, unbreathing
a: Depart the Abyss, Renounce Religion


You were on level 2 of the Dungeon.
You worshipped Lugonu.
Lugonu was aware of your devotion.
You were not hungry.

You visited 1 branch of the dungeon, and saw 2 of its levels.
You visited the Abyss 1 time.

You collected 163 gold pieces.

Inventory:

Hand Weapons
 a - a +1 hand axe
 d - a +1 morningstar of crushing
 g - a cursed +0 hand axe
 h - a cursed -1 whip (weapon)
Armour
 b - a +0 leather armour
 c - a +0 scale mail
 e - a +0 chain mail (worn)
Scrolls
 f - a scroll of teleportation


   Skills:
 - Level 3.0 Fighting
 - Level 1.5(2.0) Axes
 * Level 1.7(2.0) Maces & Flails
 - Level 1.5 Armour
 - Level 0.7 Dodging
 * Level 2.2 Invocations


You had 2 spell levels left.
You didn't know any spells.

Dungeon Overview and Level Annotations

Branches:
Dungeon (2/15)

Altars:

Annotations:
D:2 Terence


Innate Abilities, Weirdness & Mutations

You do not eat or drink.
Your flesh is vulnerable to fire.
You are immune to poison.
Your flesh is cold resistant. (rC+)
You are immune to negative energy. (rN+++)
You are immune to unholy pain and torment.
You can survive without breathing.


Message History

Terence barely misses you.
You hit Terence but do no damage.
Terence is moderately wounded.
Terence barely misses you.
You hit Terence.
Terence is heavily wounded.
Terence hits you but does no damage.
You closely miss Terence.
Terence is heavily wounded.
Terence completely misses you.
You hit Terence but do no damage.
Terence is heavily wounded.
Terence hits you but does no damage.
You hit Terence but do no damage.
Terence is heavily wounded.
Terence hits you but does no damage.
You hit Terence but do no damage.
Terence is heavily wounded.
Terence hits you with a short sword of holy wrath.
You die...

##+## #...#
#...# #?..#
#...# #.@.# #@#
#.#
#####.##########
#..............%
#...............
#..##.##########
#..##.# #..##.#
####### #..##.#


You could see Terence.

Vanquished Creatures
  An adder (D:2)
  A worm (D:2)
  A dart slug (D:1)
  A bat (D:1)
  A giant cockroach (D:1)
  A goblin (D:1)
  2 hobgoblins (D:1)
  2 jackals (D:1)
  A frilled lizard (D:1)
  2 kobolds (D:1)
  7 rats (D:1)
20 creatures vanquished.

Notes
Turn   | Place    | Note
-------+----------+-------------------------------------------
     0 | Abyss:1  | Kurtz the Mummy Abyssal Knight began the quest for the Orb.
     0 | Abyss:1  | Reached XP level 1. HP: 18/18 MP: 2/2
    20 | Abyss:1  | Found a corrupted altar of Lugonu.
    54 | Abyss:1  | Noticed a small abomination
    55 | Abyss:1  | Noticed a small abomination
   108 | Abyss:2  | Noticed a large abomination
   140 | Abyss:2  | Noticed a yak
   151 | Abyss:2  | Noticed a small abomination
   174 | Abyss:2  | Noticed a fire crab
   174 | Abyss:2  | a yak changed into a fire crab
   178 | Abyss:2  | Noticed a large abomination
   179 | Abyss:2  | Noticed a small abomination
   179 | D:1      | Escaped the Abyss
   360 | D:1      | Reached * piety under Lugonu
   476 | D:1      | Reached XP level 2. HP: 24/24 MP: 3/3
   501 | D:1      | Reached skill level 1 in Maces & Flails
   980 | D:2      | Reached XP level 3. HP: 17/29 MP: 4/4
  1310 | D:2      | Noticed Terence
  1327 | D:2      | Slain by Terence

Vault maps used:
D:1:      scummos_arrival_gate, bh_walls_and_bars
D:2:      marbit_many_paths, glass_columns_b, uniq_robin, uniq_terence

Skill      XL: |  1  2 |
---------------+-------+-----
Invocations    | 2 |  2.2
Maces & Flails | 1 |  1.7
Fighting       | |  3.0
Axes           | |  1.5
Armour         | |  1.5
Dodging        | |  0.7

Action                   || total
-------------------------++-------
Melee: Morningstar       ||    68
       Whip              ||    55
Invok: Depart the Abyss  ||     1
  Use: Scroll            ||     3
Armor: Scale mail        ||     5
       Chain mail        ||    98
Dodge: Dodged            ||    77
